 Dungeon Crawl Stone Soup version 0.28.0-43-g3370ac3207 (webtiles) character file.

Game seed: 13800101152149500386

28228 pkoi the Stormcaller (level 13, -4/63 HPs)
             Began as an Octopode Air Elementalist on Mar 17, 2022.
             Was an Elder of Hepliaklqana.
             Killed from afar by a lindwurm (24 damage)
             ... with a blast of flame
             ... on level 4 of the Lair of Beasts.
             The game lasted 00:39:17 (27772 turns).

pkoi the Stormcaller (Octopode Air Elementalist)   Turns: 27772, Time: 00:39:17

Health: -4/63      AC: 13    Str:  8    XL:     13   Next: 37%
Magic:  14/29      EV: 17    Int: 28    God:    Hepliaklqana [****..]
Gold:   408        SH:  0    Dex: 12    Spells: 19/36 levels left

rFire   . . .      SeeInvis +   v - +3 dagger "Egg" {vorpal, rElec rPois rN+ SInv}
rCold   + + .      Faith    .   (no shield)
rNeg    + . .      Spirit   .   (helmet restricted)
rPois   +          Reflect  .   s - amulet of regeneration
rElec   +          Harm     .   R - +4 ring of protection
rCorr   .          Rampage  .   f - +4 ring of protection
Will    +....                   p - ring of protection from cold
Stlth   +++.......              r - +4 ring of protection
HPRegen 1.00/turn               u - +6 ring of intelligence
MPRegen 0.21/turn               B - ring of willpower
                                V - +4 ring of evasion
                                D - ring of protection from cold

@: no status effects
A: reduced essence, almost no armour, amphibious, 8 rings, camouflage 1,
gelatinous body 1, (nimble swimmer 1), tentacles
a: Renounce Religion, Recall Ancestor, Ancestor Identity, Transference, Idealise


You were on level 4 of the Lair of Beasts.
You worshipped Hepliaklqana.
Hepliaklqana was greatly pleased with you.
You visited 3 branches of the dungeon, and saw 15 of its levels.

You collected 716 gold pieces.
You spent 308 gold pieces at shops.

Inventory:

Hand Weapons
 a - a +0 hand axe of flaming
 n - a +1 dagger of venom
 v - the +3 dagger "Egg" (weapon) {vorpal, rElec rPois rN+ SInv}
   (You found it on level 8 of the Dungeon)

   It inflicts extra damage upon your enemies.
   rElec:     It insulates you from electricity.
   rPois:     It protects you from poison.
   rN:        It protects you from negative energy.
   SInv:      It lets you see invisible.
 S - the +8 rapier "Beastslayer" {spect, rElec Dex-3 SInv}
   (You found it on level 1 of the Lair of Beasts)

   When its wielder attacks, the weapon's spirit leaps out and strikes again.
   The spirit shares a part of any damage it takes with its wielder.
   Dex:       It affects your dexterity (-3).
   rElec:     It insulates you from electricity.
   SInv:      It lets you see invisible.
Jewellery
 e - a ring of flight
 f - a +4 ring of protection (right tentacle)
 p - a ring of protection from cold (on tentacle)
 r - a +4 ring of protection (on tentacle)
 s - an amulet of regeneration (around mantle)
 u - a +6 ring of intelligence (on tentacle)
 w - a ring of wizardry
 x - a ring of fire
 B - a ring of willpower (on tentacle)
 D - a ring of protection from cold (on tentacle)
 L - a ring of ice
 P - a ring of wizardry
 R - a +4 ring of protection (left tentacle)
 V - a +4 ring of evasion (on tentacle)
Wands
 m - a wand of acid (11)
 y - a wand of flame (19)
 A - a wand of iceblast (11)
 C - a wand of polymorph (8)
 J - a wand of digging (6)
 O - a wand of charming (2)
Scrolls
 b - a scroll of fear
 d - 2 scrolls of vulnerability
 g - 6 scrolls of teleportation
 G - a scroll of magic mapping
 M - 4 scrolls of blinking
 N - a scroll of fog
 Q - a scroll of enchant weapon
 T - a scroll of brand weapon
Potions
 c - 6 potions of haste {unknown}
 h - a potion of cancellation
 i - 2 potions of flight {unknown}
 j - 7 potions of curing
 k - 4 potions of might
 l - 3 potions of resistance {unknown}
 o - 5 potions of lignification
 q - 2 potions of brilliance {unknown}
 t - a potion of berserk rage
 z - 2 potions of attraction {unknown}
 E - 2 potions of mutation {unknown}
 F - a potion of ambrosia
 I - 3 potions of heal wounds {unknown}
 U - a potion of invisibility
Miscellaneous
 H - a condenser vane


   Skills:
 - Level 2.0 Dodging
 - Level 4.0 Stealth
 - Level 12.3 Spellcasting
 + Level 2.6 Conjurations
 + Level 2.3 Transmutations
 + Level 2.3 Fire Magic
 - Level 15.1 Air Magic
 + Level 6.0 Poison Magic
 * Level 8.2 Invocations


You had 19 spell levels left.
You knew the following spells:

 Your Spells              Type           Power      Damage    Failure   Level
a - Shock                 Conj/Air       100%       1d9       1%          1
b - Static Discharge      Conj/Air       61%        N/A       1%          2
c - Airstrike             Air            40%        N/A       1%          4
d - Swiftness             Air            80%        N/A       1%          3
e - Olgreb's Toxic Radia  Pois           50%        N/A       2%          4
f - Ignite Poison         Fire/Tmut/Pois 37%        N/A       2%          3

Your spell library contained the following spells:

 Spells                   Type           Power      Damage    Failure   Level
 Sting                    Tmut/Pois      100%       1d8       1%          1
 Corpse Rot               Necr/Air       100%       N/A       1%          2
 Poisonous Vapours        Pois/Air       100%       N/A       1%          2
 Mephitic Cloud           Conj/Pois/Air  58%        N/A       1%          3
 Spider Form              Tmut/Pois      40%        N/A       1%          3
 Freezing Cloud           Conj/Ice/Air   25%        6-21      8%          5
 Gell's Gravitas          Tloc           17%        N/A       10%         3
 Lesser Beckoning         Tloc           17%        N/A       10%         3
 Portal Projectile        Hex/Tloc       34%        N/A       10%         3
 Teleport Other           Tloc           17%        N/A       10%         3
 Flame Wave               Conj/Fire      31%        2d8       11%         4
 Dispel Undead            Necr           17%        3d10      30%         4
 Fireball                 Conj/Fire      15%        3d8       30%         5
 Blade Hands              Tmut           15%        N/A       32%         5
 Excruciating Wounds      Necr           8%         N/A       65%         5
 Starburst                Conj/Fire      15%        6d6       86%         6
 Death Channel            Necr           8%         N/A       99%         6
 Ignition                 Fire           15%        3d6       100%        8


Dungeon Overview and Level Annotations

Branches:
Dungeon (10/15)            Temple (1/1) D:5            Lair (4/6) D:10
  Swamp (0/4) Lair:4       Spider (0/4) Lair:4          Orc (0/2) D:9

Altars:
Ashenzari
Cheibriados
Dithmenos
Elyvilon
Fedhas
Gozag
Hepliaklqana
Kikubaaqudgha
Makhleb
Nemelex Xobeh
Okawaru
Qazlal
Ru
Sif Muna
Trog
Uskayaw
Vehumet
Wu Jian
Xom
Yredelemnul
Zin
The Shining One

Shops:
D:4 [   D:6 :[:   D:7 :   D:9 :

Annotations:
D:10 exclusion: obsidian statue


Innate Abilities, Weirdness & Mutations

Your life essence is reduced to manifest your ancestor. (-10% HP)
You cannot wear most types of armour.
You are amphibious.
You can wear up to eight rings at the same time.
Your skin changes colour to match your surroundings (Stealth+).
Your rubbery body absorbs attacks. (AC +1, EV +1)
((You are camouflaged when in or above water. (Stealth+)))
You have tentacles for arms and can constrict up to eight enemies at once.


Message History

Found a hunting sling.
Found a dagger.
You pick up a book of Decay and begin reading...
You add the spells Corpse Rot, Dispel Undead and Death Channel to your library.
You swap places.
Key pressed, stopping explore.
A lindwurm comes into view.
A lindwurm is nearby!
A lindwurm is nearby!
The air twists around and strikes the lindwurm!
The lindwurm is moderately wounded.
The lindwurm breathes flames at you. The blast of flame misses you.
You hear a roar!
You can't see any susceptible monsters within range! (Use Z to cast anyway.)
You can't see any susceptible monsters within range! (Use Z to cast anyway.)
You can't see any susceptible monsters within range! (Use Z to cast anyway.) Unknown command.
A lindwurm comes into view.
The air twists around and strikes the lindwurm!
The lindwurm is heavily wounded.
Eva points at the lindwurm and mumbles some strange words.
The lindwurm appears confused.
The air twists around and strikes the lindwurm!
The lindwurm is severely wounded.
The lindwurm breathes flames at you. The blast of flame hits you!!!
Ouch! That really hurt!
* * * LOW HITPOINT WARNING * * *
You are too injured to fight recklessly!
Unknown command.
Aiming: Airstrike (safe; 1% risk of failure)
Press: ? - help, Q - select action, (/) - cycle Dir - move target, f/p - lindwurm
Aim: a lindwurm (severely wounded, confused, ally target, empty space bonus: 4/8)
The air twists around and strikes the lindwurm!
You kill the lindwurm!
Your Poison Magic skill increases to level 6!
The lindwurm breathes flames at you. The blast of flame hits you!!
You die...

# ## ### ### ## P###.########.#
## # ########.
..............####≈##≈###........
..............##..R.†..≈#.....†..
...............#@...k..≈#........
####.P.P....####..#≈#..≈#####.###
#####...## ##..### .## ### #...#
#§..≈# ### #...# #§..##
##.#####...####≈..≈# ### ##
###..#.......##§..## ###.###.
..............##..########.......
..................#.#.#..#...)...


You could see the friendly Eva the hexer and a lindwurm (catching breath).

Vanquished Creatures
  Fannar (Lair:1)
  A hydra (Lair:2)
  A two-headed ogre (D:5)
  5 death yaks
  A lindwurm (Lair:4)
  Pikel (D:6)
  6 black mambas
  A torpor snail (Lair:4)
  6 cane toads
  A rime drake (Lair:3)
  6 komodo dragons
  3 trolls
  A tyrant leech (Lair:4)
  7 blink frogs
  Prince Ribbit (D:7)
  4 dream sheep (Lair:4)
  A wraith (D:8)
  A basilisk (Lair:1)
  15 yaks
  3 steam dragons
  Menkaure (D:5)
  6 swamp worms (Lair:4)
  9 water moccasins
  2 orc warriors
  2 ice beasts
  2 necrophages
  2 black bears
  An ogre (D:9)
  13 wolves
  A centaur (D:5)
  A lemure (D:6)
  A kobold brigand (D:8)
  Blork the orc (D:5)
  10 bullfrogs
  3 scorpions
  6 killer bees (D:9)
  9 wights
  A bullfrog zombie (D:6)
  5 centaur zombies
  2 hounds
  6 orc priests
  Crazy Yiuf (D:5)
  Terence (D:2)
  3 iguanas
  3 orc wizards
  A hound zombie (D:5)
  A mummy (D:6)
  2 howler monkey zombies (D:9)
  Robin (D:4)
  A gnoll (D:1)
  6 adders
  2 shadow imps
  An ufetubus (D:5)
  A worm (D:5)
  25 orcs
  6 ball pythons
  2 endoplasms
  2 giant cockroaches (D:1)
  18 goblins
  8 hobgoblins
  A quokka (D:4)
  6 bats
  6 frilled lizards
  A hobgoblin zombie (D:6)
  10 kobolds
  A kobold zombie (D:6)
  2 orc zombies (D:6)
  5 rats
267 creatures vanquished.

Vanquished Creatures (collateral kills)
  A hydra (Lair:1)
  A death yak (Lair:3)
  A manticore (D:9)
  Joseph (D:9)
  2 cane toads
  A komodo dragon (Lair:2)
  11 yaks (D:10)
  A swamp worm (Lair:4)
  A water moccasin (Lair:3)
  A centaur (D:9)
  5 wolves
  2 orcs
  A goblin (D:9)
29 creatures vanquished.

Vanquished Creatures (others)
  An ancestor (D:7)
  7 hexers
  9 fungi
  6 plants
23 creatures vanquished.

Grand Total: 319 creatures vanquished

Notes
Turn   | Place    | Note
-------+----------+-------------------------------------------
     0 | D:1      | pkoi the Octopode Air Elementalist began the quest for the
                  | Orb.
     0 | D:1      | Reached XP level 1. HP: 11/11 MP: 3/3
   276 | D:1      | Reached XP level 2. HP: 17/17 MP: 0/5
   875 | D:1      | Found a faded altar of an unknown god.
   920 | D:1      | Reached skill level 4 in Air Magic
   923 | D:1      | Learned a level 2 spell: Static Discharge
   987 | D:1      | Reached XP level 3. HP: 13/21 MP: 1/6
  1736 | D:2      | Noticed Terence
  1741 | D:2      | Killed Terence
  1742 | D:2      | Reached XP level 4. HP: 19/27 MP: 1/7
  2919 | D:3      | Learned a level 4 spell: Airstrike
  2966 | D:3      | Reached skill level 5 in Air Magic
  3958 | D:3      | Reached XP level 5. HP: 31/31 MP: 2/8
  4438 | D:4      | Found a basalt altar of Yredelemnul.
  4793 | D:4      | Noticed Robin
  5093 | D:4      | Reached skill level 6 in Air Magic
  5103 | D:4      | Killed Robin
  5522 | D:4      | Found Soje's Antique Armour Boutique.
  6187 | D:4      | Reached XP level 6. HP: 30/36 MP: 3/9
  6386 | D:5      | Entered Level 5 of the Dungeon
  6541 | D:5      | Noticed a necrophage
  6542 | D:5      | Reached skill level 7 in Air Magic
  6764 | D:4      | Killed a necrophage
  6828 | D:5      | Reached XP level 7. HP: 40/41 MP: 2/10
  7103 | D:5      | Noticed a two-headed ogre
  7160 | D:6      | Found Wifaw's Armour Emporium.
  7288 | D:6      | You are sucked into a shaft and drop 2 floors!
  7298 | D:8      | Identified the +3 dagger "Egg" {vorpal, rElec rPois rN+
                  | SInv}
  7357 | D:8      | Reached skill level 8 in Air Magic
  7446 | D:8      | Found a burning altar of Makhleb.
  7480 | D:8      | Found a glowing silver altar of Zin.
  7745 | D:8      | Noticed a wraith
  8216 | D:7      | Noticed a steam dragon
  8218 | D:7      | Killed a steam dragon
  8219 | D:7      | Reached XP level 8. HP: 46/46 MP: 3/13
  8298 | D:7      | Learned a level 3 spell: Swiftness
  8854 | D:6      | Found Falimunk's Book Boutique.
  8902 | D:6      | Found Sef Geg's Book Shop.
  8997 | D:6      | Reached skill level 9 in Air Magic
  9533 | D:5      | Found a staircase to the Ecumenical Temple.
  9535 | D:5      | Noticed Menkaure
  9537 | D:5      | Killed Menkaure
  9538 | D:5      | Reached skill level 5 in Spellcasting
  9599 | Temple   | Entered the Ecumenical Temple
  9606 | Temple   | Became a worshipper of Hepliaklqana the Forgotten
 10028 | D:5      | Found a runed translucent door.
 10029 | D:5      | Noticed Crazy Yiuf
 10034 | D:5      | Killed Crazy Yiuf
 10215 | D:5      | Killed a two-headed ogre
 10216 | D:5      | Reached skill level 10 in Air Magic
 10216 | D:5      | Reached XP level 9. HP: 51/51 MP: 1/18
 10601 | D:5      | Noticed Blork the orc
 10640 | D:5      | Killed Blork the orc
 10759 | D:6      | Got Sif Muna's Guide on Flamy Toxins
 11119 | D:6      | Noticed Pikel
 11203 | D:6      | Killed Pikel
 11474 | D:6      | Reached skill level 11 in Air Magic
 11916 | D:7      | Reached * piety under Hepliaklqana
 12007 | D:7      | Noticed Prince Ribbit
 12011 | D:7      | Killed Prince Ribbit
 12012 | D:7      | Reached XP level 10. HP: 50/50 MP: 8/21
 13651 | D:8      | Found a stormy altar of Qazlal.
 13961 | D:9      | Found Aseatar's Book Shoppe.
 13977 | D:9      | Noticed Joseph
 13992 | D:9      | Killed Joseph
 14187 | D:9      | Noticed a manticore
 14191 | D:9      | Killed a manticore
 14192 | D:9      | Reached skill level 12 in Air Magic
 15069 | D:9      | Found a staircase to the Orcish Mines.
 16181 | D:10     | Entered Level 10 of the Dungeon
 16230 | D:10     | Found a staircase to the Lair.
 16404 | D:10     | Reached ** piety under Hepliaklqana
 16405 | D:10     | Remembered your ancestor Eva as a hexer
 16589 | D:10     | Noticed an obsidian statue
 16800 | D:10     | Reached XP level 11. HP: 54/54 MP: 15/24
 16914 | D:10     | Reached skill level 13 in Air Magic
 17256 | D:10     | Reached skill level 10 in Spellcasting
 18372 | Lair:1   | Entered Level 1 of the Lair of Beasts
 18384 | Lair:1   | Noticed an eight-headed hydra
 18391 | Lair:1   | Killed an eight-headed hydra
 18771 | Lair:1   | Identified the +8 rapier "Beastslayer" {spect, rElec Dex-3
                  | SInv}
 19803 | Lair:1   | Reached skill level 14 in Air Magic
 20156 | Lair:1   | Noticed Fannar
 20473 | Lair:1   | Killed Fannar
 20474 | Lair:1   | Reached XP level 12. HP: 53/59 MP: 3/27
 20611 | Lair:1   | Reached *** piety under Hepliaklqana
 20649 | Lair:1   | Reached skill level 1 in Invocations
 21562 | Lair:2   | Noticed a five-headed hydra
 21568 | Lair:2   | Killed a five-headed hydra
 22932 | Lair:3   | You fall into a shaft and drop 1 floor!
 22992 | Lair:4   | Reached skill level 15 in Air Magic
 23275 | Lair:4   | Reached **** piety under Hepliaklqana
 23408 | Lair:3   | Learned a level 4 spell: Olgreb's Toxic Radiance
 23633 | Lair:3   | Reached skill level 5 in Invocations
 23749 | Lair:3   | Noticed a death yak
 23750 | Lair:3   | Noticed a death yak
 23750 | Lair:3   | Noticed a death yak
 23838 | Lair:3   | Reached skill level 1 in Poison Magic
 24151 | Lair:3   | Noticed a death yak
 24250 | Lair:3   | Noticed a death yak
 24337 | Lair:3   | Killed a death yak
 24716 | Lair:3   | Noticed a death yak
 24722 | Lair:3   | Killed a death yak
 24901 | Lair:3   | Killed a death yak
 25154 | Lair:2   | Killed a death yak
 25289 | Lair:3   | Killed a death yak
 25386 | Lair:3   | Killed a death yak
 25387 | Lair:3   | Reached skill level 5 in Poison Magic
 25387 | Lair:3   | Reached XP level 13. HP: 63/63 MP: 6/29
 25662 | D:6      | Bought a Trismegistus Codex for 308 gold pieces
 25666 | D:6      | Learned a level 3 spell: Ignite Poison
 26147 | Lair:4   | Reached skill level 1 in Transmutations
 26147 | Lair:4   | Reached skill level 1 in Fire Magic
 26850 | Lair:4   | Found a hole to the Spider Nest.
 27471 | Lair:4   | Found a staircase to the Swamp.
 27772 | Lair:4   | Killed from afar by a lindwurm

Illustrated notes

Levels and vault maps discovered:
D:1:      heliophobic_arrival_battle_scene, layout_basic,
          ebering_ecumenical_altar_abandoned, minmay_statues_item
D:2:      layout_loops_corners, uniq_terence
D:3:      minmay_diamond_boxcup, layout_loops_ring,
          chequers_serial_rivers_micro_d
D:4:      layout_basic, mainiacjoe_overflow_boulevard, serial_shops, shop,
          wad_floor_pattern_untrapped, uniq_robin
D:5:      layout_basic, minmay_temple_entry_statues_fountains,
          uniq_blork_the_orc, uniq_crazy_yiuf_cottage, uniq_menkaure
D:6:      layout_rooms, serial_shops, nicolae_shop_crystal,
          nicolae_take_the_stairs, shop, amcnicky_mini_pool_small,
          serial_park_tiny_1, minmay_mini_ossuary, uniq_pikel
D:7:      layout_basic, kennysheep_windowed_goal, uniq_prince_ribbit1
D:8:      layout_loops_ring, mainiacjoe_overflow_surrounded_room,
          mainiacjoe_overflow_alcove_4, mainiacjoe_overflow_catwalk,
          nrook_mini_backslash, fungi_pond_lemuel
D:9:      layout_irregular_city, erik_orc_3, serial_shops, nicolae_shop_trees,
          uniq_joseph
D:10:     layout_roguey, lair_entry_dummy, minmay_protected_statue
Temple:   nicolae_temple_no_exploring_needed
Lair:1:   layout_regular_city, grunt_megastairs_1, uniq_fannar
Lair:2:   layout_regular_city
Lair:3:   layout_regular_city, lemuel_old_faithful, grunt_megastairs_5
Lair:4:   layout_long_grid, minmay_swamp_entry_worms, dummy_spider_entry,
          nicolae_lair_lindhole

Skill      XL: |  1  2  3  4  5  6  7  8  9 10 11 12 13 |
---------------+----------------------------------------+-----
Air Magic      | 4 5 6 7 8 10 11 12 14 15 | 15.1
Stealth        | 4 |  4.0
Spellcasting   | 3 6 7 9 11 12 | 12.3
Invocations    | 6 8 |  8.2
Poison Magic   | 5 6 |  6.0
Transmutations | 2 |  2.3
Fire Magic     | 2 |  2.3
Conjurations   | 2 |  2.6
Dodging        | |  2.0

Action                   |  1- 3 |  4- 6 |  7- 9 | 10-12 | 13-15 || total
-------------------------+-------+-------+-------+-------+-------++-------
Melee: Hand axe          |     5 |     5 |       |       |       ||    10
       Constrict         |     3 |     2 |     3 |     3 |     1 ||    12
       Tentacles         |     2 |     2 |     3 |     7 |       ||    14
       Dagger            |       |     7 |    11 |    13 |       ||    31
       Punch             |       |     1 |       |     3 |       ||     4
       Rapier            |       |       |       |    18 |     1 ||    19
 Cast: Shock             |    49 |   128 |     9 |       |       ||   186
       Static Discharge  |     1 |       |       |       |       ||     1
       Airstrike         |       |       |    82 |   308 |    53 ||   443
       Olgreb's Toxic Ra |       |       |       |       |     5 ||     5
       Ignite Poison     |       |       |       |       |     4 ||     4
Invok: Ancestor Identity |       |       |     1 |       |       ||     1
       Recall Ancestor   |       |       |       |     5 |     1 ||     6
       Ancestor Life: He |       |       |       |     1 |       ||     1
Evoke: Wand              |       |       |     2 |       |       ||     2
  Use: Scroll            |     3 |     5 |     8 |     7 |     1 ||    24
 Stab: Sleeping          |       |       |     1 |     1 |       ||     2
       Distracted        |       |       |       |     1 |       ||     1
Armor: Skin              |     1 |    16 |     9 |    15 |     9 ||    50
Dodge: Dodged            |     6 |    28 |    15 |    71 |    16 ||   136
